[Event "Team 45 45 League T88"]
[Site "Internet Chess Club"]
[Date "2021.04.17"]
[Round "2"]
[White "fledermaus"]
[Black "Goli"]
[Result "0-1"]
[WhiteElo "1853"]
[BlackElo "1776"]
[Opening "King's Indian: 6.Be2"]
[ECO "E91"]
[Time "14:30:17"]
[TimeControl "2700+45"]

1. Nf3 Nf6 2. c4 g6 3. Nc3 Bg7 4. e4 d6 5. d4 O-O 6. Be2 Bg4 7. Be3 Nc6 8. d5
Bxf3 9. gxf3 Ne5 10. f4 Ned7 11. h4 h5 12. Rg1 Kh7 13. Qc2 Qe8 14. e5 dxe5 15.
f5 Ng4 16. Bxg4 hxg4 17. h5 Nf6 18. fxg6+ fxg6 19. hxg6+ Kg8 20. O-O-O e4 21.
Nxe4 Qxg6 22. Nc5 Qxc2+ 23. Kxc2 b6 24. Ne6 Rf7 25. b4 a6 26. a4 Rc8 27. b5 axb5
28. axb5 Ra8 29. Kb3 Ra7 30. Ra1 Rxa1 31. Rxa1 Ne4 32. Ra8+ Kh7 33. Nxg7 Kxg7
34. Bd4+ Kg6 35. Rg8+ Kf5 36. Rc8 e6 37. dxe6 Kxe6 38. Re8+ Kf5 39. Kc2 Nd6 40.
Re5+ Kf4 41. Kd3 Nf5 42. Rd5 Nxd4 43. Kxd4 Kf3 44. c5 bxc5+ 45. Kxc5 Kxf2 46.
Rd2+ Ke3 47. Ra2 g3 48. Kd5 Kf3 49. Ke6 Rf4 50. Ke5 Rb4 51. Ra3+ Kg4 52. Kd5 g2
53. Ra8 Kf3 54. Ra3+ Kf2 55. Ra2+ Kg3 {White resigns} 0-1

[Event "Team 45 45 League T88"]
[Site "Internet Chess Club"]
[Date "2021.04.18"]
[Round "2"]
[White "Egmont"]
[Black "MathBandit"]
[Result "1-0"]
[WhiteElo "1669"]
[BlackElo "1654"]
[Opening "QGD: Chigorin defense"]
[ECO "D07"]
[Time "08:00:43"]
[TimeControl "2700+45"]

1. d4 d5 2. c4 Nc6 3. cxd5 Qxd5 4. e3 e5 5. Nc3 Bb4 6. Bd2 Bxc3 7. Bxc3 exd4 8.
Ne2 Nf6 9. Nxd4 O-O 10. Nxc6 Qxc6 11. Qf3 Qxf3 12. gxf3 Nd5 13. Bd2 Be6 14. e4
Nf6 15. Rg1 a5 16. Bh6 Nh5 17. Rg5 g6 18. Bxf8 Rxf8 19. Rxa5 {Black resigns} 1-0

[Event "Team 45 45 League T88"]
[Site "Internet Chess Club"]
[Date "2021.04.16"]
[Round "2"]
[White "MrAbendroth"]
[Black "cityprosecutor"]
[Result "1/2-1/2"]
[WhiteElo "1650"]
[BlackElo "1707"]
[Opening "Pirc: classical, h3 system"]
[ECO "B07"]
[Time "07:00:41"]
[TimeControl "2700+45"]

1. e4 d6 2. d4 Nf6 3. Nc3 g6 4. h3 Bg7 5. Nf3 O-O 6. Be3 a6 7. a4 Nc6 8. Qd2 e5
9. d5 Ne7 10. Rd1 Bd7 11. Bg5 Rb8 12. Bd3 Qe8 13. b3 b5 14. axb5 axb5 15. Ne2
Nxe4 16. Bxe4 f5 17. Nxe5 Bxe5 18. Bf3 Qf7 19. O-O Ra8 20. Nf4 Ra2 21. Nd3 Bg7
22. Rfe1 Re8 23. Nb4 Raa8 24. Re2 Nc8 25. Rxe8+ Bxe8 26. Re1 Bd7 27. c4 Bf6 28.
Qe3 {Game drawn by mutual agreement} 1/2-1/2